 Dungeon Crawl Stone Soup version 0.28-a0-8-g6e044cfa68 (webtiles) character file.

Game seed: 86749164265032586

24230 ezpacito the Corrupter of Planes (level 12, -10/91 HPs)
             Began as a Demonspawn Abyssal Knight on July 23, 2021.
             Was the Champion of Lugonu.
             Mangled by a spark wasp (15 damage)
             ... on level 13 of the Dungeon.
             The game lasted 00:27:52 (11773 turns).

ezpacito the Corrupter of Planes (DsAK)            Turns: 11773, Time: 00:27:53

Health: -10/91     AC: 15    Str: 16    XL:     12   Next: 78%
Magic:  13/20      EV: 15    Int: 21    God:    Lugonu [******]
Gold:   747        SH:  6    Dex: 19    Spells: 16/22 levels left

rFire   . . .      SeeInvis .   z - +10 war axe of Change {vorpal, Stlth+}
rCold   . . .      Faith    .   i - +0 buckler
rNeg    . . .      Spirit   .   C - +3 leather armour of Filth {Contam Harm Int+6 Slay+5}
rPois   +          Reflect  .   o - +2 hat
rElec   .          Harm     +   A - +1 cloak {rPois}
rCorr   +          Rampage  .   F - +2 pair of gloves
Will    .....                   s - +0 pair of boots
Stlth   +++++++...              f - amulet "Zedaisagef" {Regen+ rCorr}
HPRegen 1.25/turn               d - ring of flight
MPRegen 0.17/turn               (no ring)

@: mighty, flying
A: horns 2, thin skeletal structure 3, spiny 1
a: Renounce Religion, Depart the Abyss, Bend Space, Banish, Corrupt, Enter the
Abyss, Brand Weapon With Distortion


You were on level 13 of the Dungeon.
You worshipped Lugonu.
Lugonu was exalted by your worship.
You visited 2 branches of the dungeon, and saw 14 of its levels.
You visited the Abyss 1 time.
You also visited: Ossuary.

You collected 922 gold pieces.
You spent 175 gold pieces at shops.

Inventory:

Hand Weapons
 z - the +10 war axe of Change (weapon) {vorpal, Stlth+}
   (You found it on level 6 of the Dungeon)

   It inflicts extra damage upon your enemies.
   Stlth:     It makes you more stealthy.
 E - a +0 war axe
 G - a +4 scimitar of flaming
Missiles
 g - 8 silver boomerangs (quivered)
 j - 317 stones
 m - 5 boomerangs
 n - 6 throwing nets
 D - a curare-tipped dart
Armour
 i - a +0 buckler (worn)
 o - a +2 hat (worn)
 s - a +0 pair of boots (worn)
 A - a +1 cloak of poison resistance (worn)
 C - the +3 leather armour of Filth (worn) {Contam Harm Int+6 Slay+5}
   (You bought it in a shop on level 1 of the Dungeon)

   Int:       It affects your intelligence (+6).
   Slay:      It affects your accuracy & damage with ranged weapons and melee
   (+5).
   Contam:    It causes magical contamination when unequipped.
   Harm:      It increases damage dealt and taken.
 F - a +2 pair of gloves (worn)
 H - the +1 scale mail "Ifareqicocw" {rElec rC+}
   (You found it on level 10 of the Dungeon)

   rC:        It protects you from cold.
   rElec:     It insulates you from electricity.
Jewellery
 d - a ring of flight (left hand)
 f - the amulet "Zedaisagef" (around neck) {Regen+ rCorr}
   (You found it on level 7 of the Dungeon)

   [amulet of regeneration]

   Regen:     It increases your rate of health regeneration.
   rCorr:     It protects you from acid and corrosion.
 L - a +4 ring of protection
 M - a ring of magical power
Wands
 l - a wand of iceblast (5)
 x - a wand of flame (24)
 y - a wand of digging (6)
 B - a wand of polymorph (12)
Scrolls
 a - 2 scrolls of silence
 c - a scroll of fear
 e - 2 scrolls of amnesia
 p - 2 scrolls of enchant weapon
 q - 5 scrolls of teleportation
 r - 6 scrolls of immolation
 v - a scroll of summoning
 I - 2 scrolls of magic mapping
 J - 2 scrolls of identify
Potions
 h - a potion of magic
 k - 3 potions of curing
 t - 5 potions of attraction
 u - a potion of haste
 w - 3 potions of flight


   Skills:
 + Level 7.3 Fighting
 * Level 9.0 Axes
 - Level 1.2 Throwing
 + Level 6.4 Armour
 + Level 6.2 Dodging
 + Level 6.6 Stealth
 - Level 4.0 Shields
 + Level 5.9 Spellcasting
 * Level 7.7 Hexes
 + Level 9.2 Invocations
 + Level 5.9 Evocations


You had 16 spell levels left.
You knew the following spells:

 Your Spells              Type           Power      Damage    Failure   Level
a - Corona                Hex            42%        N/A       1%          1
b - Ensorcelled Hibernat  Hex/Ice        44%        N/A       3%          2
c - Tukima's Dance        Hex            38%        N/A       1%          3

Your spell library contained the following spells:

 Spells                   Type           Power      Damage    Failure   Level
 Slow                     Hex            38%        N/A       1%          2
 Confusing Touch          Hex            38%        N/A       1%          3
 Sandblast                Erth           12%        2d6       12%         1
 Passwall                 Tmut/Erth      5%         N/A       19%         2
 Vampiric Draining        Necr           3%         2d6       34%         3
 Airstrike                Air            3%         N/A       75%         4
 Summon Lightning Spire   Summ/Air       6%         N/A       75%         4
 Lee's Rapid Deconstruct  Erth           3%         3d6*      97%         5
 Lightning Bolt           Conj/Air       3%         1d14      97%         5
 Malign Gateway           Summ/Tloc      3%         N/A       100%        7
 Summon Horrible Things   Summ           3%         N/A       100%        8


Dungeon Overview and Level Annotations

Branches:
Dungeon (13/15)            Temple (0/1) D:4            Lair (1/6) D:9
    Orc (0/2) D:11        Ossuary (visited)
 Vaults: D:13-14

Altars:
Ashenzari
Dithmenos
Elyvilon
Gozag
Kikubaaqudgha
Makhleb
Nemelex Xobeh
Okawaru
Qazlal
Uskayaw
Vehumet
Wu Jian
The Shining One

Shops:
D:1 [   D:9 *   D:11 (

Annotations:
D:6 corrupted


Innate Abilities, Weirdness & Mutations

You have a pair of horns on your head.
You have an unnaturally thin skeletal structure. (Dex +6, Stealth+++)
You are partially covered in sharp spines.


Message History

Confirm with . or Enter, or press ? or * to list all spells.
Aiming: Corona (safe; 1% risk of failure)
Press: ? - help, Shift-Dir - straight line, f/p - spark wasp
Aim: a spark wasp (lightly wounded, chance to affect: 59%)
The spark wasp struggles to resist.
The spark wasp barely misses you. You block the spark wasp's attack.
Casting: Corona (safe; 1% risk of failure)
Confirm with . or Enter, or press ? or * to list all spells.
Aiming: Corona (safe; 1% risk of failure)
Press: ? - help, Shift-Dir - straight line, f/p - spark wasp
Aim: a spark wasp (lightly wounded, chance to affect: 59%)
The spark wasp is outlined in light.
You block the spark wasp's attack.
Casting: Corona (safe; 1% risk of failure)
Confirm with . or Enter, or press ? or * to list all spells.
Aiming: Ensorcelled Hibernation (safe; 3% risk of failure)
Press: ? - help, Shift-Dir - straight line, f/p - spark wasp
Aim: a spark wasp (lightly wounded, softly glowing, chance to affect: 34%)
The spark wasp easily resists.
The spark wasp stings you! The spark wasp shocks you!
The spark wasp stings you but does no damage.
Okay, then.
Casting: Ensorcelled Hibernation (safe; 3% risk of failure)
Confirm with . or Enter, or press ? or * to list all spells.
Aiming: Ensorcelled Hibernation (safe; 3% risk of failure)
Press: ? - help, Shift-Dir - straight line, f/p - spark wasp
Aim: a spark wasp (lightly wounded, softly glowing, chance to affect: 34%)
The spark wasp easily resists.
The spark wasp is struck by your spines.
The spark wasp closely misses you.
You slice the spark wasp!!
The spark wasp is almost dead.
The spark wasp barely misses you. The spark wasp stings you!!
The spark wasp shocks you!
* * * LOW HITPOINT WARNING * * *
You barely miss the spark wasp.
The spark wasp is almost dead.
The spark wasp stings you!
* * * LOW HITPOINT WARNING * * *
The spark wasp shocks you!
You die...

#....#########
#.................
#.................
#.....<...........
#######.................
........................
.###)############.......
.'.)))..........#.....#
.#..............@y....#
.#..............#.....#
.#).............#.....#
.#..............#.....#
.#..............#.....#
.#..............#.....#
.#######...######.......
.. ##### .......


You could see a spark wasp (corona).

Vanquished Creatures
  Snorg (D:10)
  2 hydras (Lair:1)
  Fannar (D:10)
  A centaur warrior (D:9)
  Erica (D:10)
  3 two-headed ogres
  2 manticores
  2 ugly things
  Maurice (D:10)
  2 cane toads (Lair:1)
  2 kobold demonologists
  2 unseen horrors (D:11)
  Psyche (D:10)
  3 komodo dragons
  A rime drake (Lair:1)
  Grinder (D:4)
  5 trolls
  2 hornets
  A polar bear (Lair:1)
  A shadow (D:11)
  2 wraiths
  2 wyverns
  2 humans (D:10)
  24 yaks
  Grum (D:10)
  A steam dragon (D:7)
  6 vampire mosquitoes
  2 swamp worms (D:10)
  3 acid dragons
  5 water moccasins
  2 sky beasts
  2 ice beasts
  4 orc warriors (D:11)
  A hornet zombie (D:7)
  2 ogres (D:5)
  3 necrophages
  2 wolves (D:10)
  4 centaurs
  A phantom (D:5)
  5 kobold brigands
  8 bullfrogs
  A gnoll sergeant (D:10)
  3 scorpions
  6 killer bees (D:10)
  4 wights (D:8)
  A howler monkey (D:7)
  3 centaur zombies
  A bullfrog zombie (D:5)
  4 hounds
  2 human zombies (Ossuary)
  An orc priest (D:3)
  A bullfrog skeleton (D:7)
  An iron imp (D:8)
  2 centaur skeletons (D:7)
  2 gnoll shamans (D:7)
  6 iguanas
  7 orc wizards
  A killer bee zombie (D:7)
  A hound skeleton (D:5)
  5 mummies
  3 howler monkey zombies
  14 gnolls
  5 adders
  2 howler monkey skeletons (D:7)
  A shadow imp (D:3)
  An ufetubus (D:4)
  3 worms
  A dart slug (D:3)
  22 orcs
  8 ball pythons
  4 bats
  7 endoplasms
  6 giant cockroaches
  5 goblins
  7 hobgoblins
  9 jackals
  4 frilled lizards
  A goblin zombie (Ossuary)
  2 hobgoblin zombies (Ossuary)
  29 kobolds
  3 kobold zombies
  2 orc zombies
  6 rats
314 creatures vanquished.

Vanquished Creatures (others)
  8 plants
8 creatures vanquished.

Grand Total: 322 creatures vanquished

Notes
Turn   | Place    | Note
-------+----------+-------------------------------------------
     0 | Abyss:1  | ezpacito the Demonspawn Abyssal Knight began the quest for
                  | the Orb.
     0 | Abyss:1  | Reached XP level 1. HP: 18/18 MP: 2/2
    71 | Abyss:1  | Noticed an iron imp
   101 | Abyss:1  | Noticed a large abomination
   151 | Abyss:3  | Noticed a tentacled starspawn
   221 | Abyss:4  | Noticed a spatial vortex
   234 | Abyss:4  | Noticed a thrashing horror
   235 | Abyss:4  | Found a corrupted altar of Lugonu.
   236 | D:1      | Escaped the Abyss
   366 | D:1      | Reached skill level 1 in Dodging
   448 | D:1      | Found Had Makh's Antique Armour Shoppe.
   493 | D:1      | Gained mutation: You have a somewhat thin skeletal
                  | structure. (Dex +2, Stealth+) [demonic ancestry]
   493 | D:1      | Reached XP level 2. HP: 17/24 MP: 3/3
   617 | D:1      | Found a faded altar of an unknown god.
   999 | D:1      | Reached * piety under Lugonu
  1853 | D:1      | Reached XP level 3. HP: 29/29 MP: 5/5
  2912 | D:3      | Reached XP level 4. HP: 33/35 MP: 6/6
  2959 | D:3      | Reached ** piety under Lugonu
  2971 | D:3      | Reached skill level 1 in Throwing
  2974 | D:3      | Reached skill level 1 in Stealth
  2997 | D:3      | Gained mutation: You are partially covered in sharp spines.
                  | [demonic ancestry]
  2997 | D:3      | Reached XP level 5. HP: 34/41 MP: 7/7
  3026 | D:3      | Found a hide-covered altar of Uskayaw.
  3043 | D:3      | Found a broken altar of Ashenzari.
  3149 | D:3      | Reached skill level 1 in Spellcasting
  3326 | D:3      | Found a sparkling altar of Nemelex Xobeh.
  3529 | D:4      | Noticed Grinder
  3613 | D:4      | Found a sand-covered staircase.
  3620 | D:4      | Gained mutation: You have a pair of small horns on your
                  | head. [demonic ancestry]
  3620 | D:4      | Reached XP level 6. HP: 27/47 MP: 8/8
  3630 | Ossuary  | Entered an ossuary
  3858 | Ossuary  | Reached *** piety under Lugonu
  3942 | D:4      | Found a staircase to the Ecumenical Temple.
  4087 | D:4      | Paralysed by Grinder for 4 turns
  4098 | D:4      | Killed Grinder
  4099 | D:4      | Gained mutation: You have a moderately thin skeletal
                  | structure. (Dex +4, Stealth++) [demonic ancestry]
  4099 | D:4      | Reached XP level 7. HP: 43/54 MP: 10/10
  4554 | D:5      | Entered Level 5 of the Dungeon
  4749 | D:5      | Reached skill level 1 in Evocations
  4799 | D:5      | Gained mutation: You have an unnaturally thin skeletal
                  | structure. (Dex +6, Stealth+++) [demonic ancestry]
  4799 | D:5      | Reached XP level 8. HP: 53/61 MP: 11/11
  4874 | D:5      | Reached skill level 5 in Invocations
  5433 | D:6      | Reached skill level 5 in Axes
  5461 | D:6      | Identified the +10 war axe of Change {vorpal, Stlth+}
  5753 | D:6      | Identified a scroll of acquirement
  5753 | D:6      | Acquired a +0 cloak of poison resistance
  6015 | D:1      | Bought a dazzling leather armour for 175 gold pieces
  6015 | D:1      | Identified the +3 leather armour of Filth {Contam Harm
                  | Int+6 Slay+5} (You bought it in a shop on level 1 of the
                  | Dungeon)
  6155 | D:7      | Found a shadowy altar of Dithmenos.
  6462 | D:7      | Found an ancient bone altar of Kikubaaqudgha.
  6464 | D:7      | Found an ornate altar of the Wu Jian Council.
  6471 | D:7      | Gained mutation: You have a pair of horns on your head.
                  | [demonic ancestry]
  6471 | D:7      | Reached XP level 9. HP: 67/67 MP: 13/13
  6487 | D:7      | Learned a level 1 spell: Corona
  6490 | D:7      | Learned a level 2 spell: Ensorcelled Hibernation
  6494 | D:7      | Learned a level 3 spell: Tukima's Dance
  6518 | D:7      | Reached skill level 1 in Shields
  6518 | D:7      | Reached **** piety under Lugonu
  6522 | D:7      | Identified the amulet "Zedaisagef" {Regen+ rCorr}
  6761 | D:7      | Reached skill level 1 in Hexes
  6789 | D:7      | Reached skill level 5 in Fighting
  7045 | D:7      | Noticed a manticore
  7050 | D:7      | Noticed a brown ugly thing
  7056 | D:7      | Killed a manticore
  7062 | D:7      | Killed a brown ugly thing
  7329 | D:8      | Reached XP level 10. HP: 74/74 MP: 15/15
  7422 | D:8      | Found a burning altar of Makhleb.
  7647 | D:8      | Reached ***** piety under Lugonu
  7907 | D:6      | Corrupted D:6
  7907 | D:6      | Noticed a blizzard demon
  7907 | D:6      | Noticed a glowing orange brain
  7907 | D:6      | Noticed a tentacled starspawn
  7907 | D:6      | Noticed a worldbinder
  7907 | D:6      | Noticed a tentacled starspawn
  7907 | D:6      | Noticed a smoke demon
  7913 | D:6      | Noticed a starcursed mass
  7913 | D:6      | Noticed a thrashing horror
  8271 | D:9      | Found a stormy altar of Qazlal.
  8290 | D:9      | Noticed a centaur warrior
  8295 | D:9      | Killed a centaur warrior
  8404 | D:9      | Found a staircase to the Lair.
  8441 | D:9      | Found an opulent altar of Gozag.
  8445 | D:9      | Found Gozag's Platinum Reserve.
  8592 | D:9      | Found a radiant altar of Vehumet.
  8831 | Lair:1   | Entered Level 1 of the Lair of Beasts
  8875 | Lair:1   | Reached skill level 5 in Armour
  8875 | Lair:1   | Reached skill level 5 in Stealth
  8877 | Lair:1   | HP: 3/76 [yak (9)]
  8881 | Lair:1   | Reached XP level 11. HP: 7/81 MP: 17/17
  8947 | Lair:1   | Reached skill level 5 in Hexes
  9140 | Lair:1   | Reached skill level 5 in Dodging
  9360 | Lair:1   | Noticed a four-headed hydra
  9367 | Lair:1   | Killed a four-headed hydra
  9454 | Lair:1   | Noticed a seven-headed hydra
  9460 | Lair:1   | Killed a seven-headed hydra
  9691 | D:10     | Entered Level 10 of the Dungeon
  9789 | D:10     | Noticed Snorg
  9794 | D:10     | Killed Snorg
  9865 | D:10     | Noticed Erica
  9869 | D:10     | Killed Erica
  9870 | D:10     | Reached skill level 5 in Spellcasting
  9891 | D:10     | Identified the +1 scale mail "Ifareqicocw" {rElec rC+}
  9906 | D:10     | Noticed a two-headed ogre
  9914 | D:10     | Killed a two-headed ogre
  9929 | D:10     | Reached skill level 5 in Evocations
  9951 | D:10     | Noticed Fannar
  9957 | D:10     | Noticed Maurice
  9970 | D:10     | Killed Fannar
  9971 | D:10     | Reached XP level 12. HP: 54/89 MP: 19/19
  9978 | D:10     | Killed Maurice
 10050 | D:10     | Noticed Grum
 10052 | D:10     | Killed Grum
 10119 | D:10     | Found an iron altar of Okawaru.
 10253 | D:10     | Noticed Psyche
 10258 | D:10     | Killed Psyche
 10381 | D:11     | Found Oclut's Weapon Emporium.
 10393 | D:11     | Found a staircase to the Orcish Mines.
 10900 | D:12     | Noticed a two-headed ogre
 10908 | D:12     | Killed a two-headed ogre
 11054 | D:12     | Reached ****** piety under Lugonu
 11358 | D:12     | Noticed a two-headed ogre
 11364 | D:12     | Killed a two-headed ogre
 11756 | D:13     | Noticed an eight-headed hydra
 11761 | D:13     | Noticed a spark wasp
 11761 | D:13     | an eight-headed hydra changed into a spark wasp
 11773 | D:13     | Mangled by a spark wasp

Illustrated notes

Levels and vault maps discovered:
D:1:      minmay_arrival_hallway, layout_basic, ebering_ecumenical_altar_webs,
          serial_shops, shop
D:2:      layout_basic, basic_altar, chequers_serial_rivers_small_a,
          chequers_serial_rivers_room_b, guppyfry_early_lair_pool
D:3:      layout_rooms, nemelex_spade_bored_becter, cheibrodos_ashenzari_chains,
          amcnicky_altar_gilded
D:4:      layout_basic, temple_pool_b, nicolae_ossuary_entry_giza,
          minmay_ruptured, uniq_grinder
D:5:      layout_rooms, mainiacjoe_overflow_concentric_impassable
D:6:      layout_gridville, item_on_display_a
D:7:      nzn_winding_woodlands_three_and_one
          [nzn_winding_woodlands_5x15_parted, nzn_winding_woodlands_5x15_jagged,
          nzn_winding_woodlands_5x15_twine,
          nzn_winding_woodlands_center_diamonds], layout_basic,
          marbit_many_paths, chequers_temple_overflow_statue_of_worship,
          moated_statue
D:8:      layout_cave_pools, makhleb_grotto_becter, minmay_quadrilaterals
D:9:      layout_stronghold, tso_metal_star, nicolae_qazlal_scattered_showers,
          nicolae_overflow_hidden_temple, nicolae_gozag_zags_fifth_avenue
D:10:     layout_roguey, okawaru_humans, worms_lemuel, uniq_maurice, uniq_snorg,
          uniq_grum, uniq_psyche, uniq_erica, uniq_fannar
D:11:     layout_basic, orc_david_3, kennysheep_generic_room_10
D:12:     layout_stronghold
D:13:     layout_irregular_city, chequers_serial_rivers_room_b
Lair:1:   layout_regular_city

Skill      XL: |  1  2  3  4  5  6  7  8  9 10 11 12 |
---------------+-------------------------------------+-----
Dodging        | 1 2 3 4 5 6 |  6.2
Axes           | 2 3 4 5 6 7 8 9 |  9.0
Armour         | 2 3 4 5 6 |  6.4
Invocations    | 3 4 5 6 7 8 9 |  9.2
Throwing       | 1 |  1.2
Stealth        | 1 2 3 4 5 6 |  6.6
Spellcasting   | 1 2 3 4 5 |  5.9
Fighting       | 4 5 6 7 |  7.3
Evocations     | 1 2 3 4 5 |  5.9
Shields        | 2 4 |  4.0
Hexes          | 3 4 6 7 |  7.7

Action                   |  1- 3 |  4- 6 |  7- 9 | 10-12 || total
-------------------------+-------+-------+-------+-------++-------
Melee: Hand axe          |   176 |   185 |    75 |       ||   436
       Headbutt          |       |    23 |    30 |    49 ||   102
       War axe           |       |       |    69 |   236 ||   305
 Cast: Corona            |       |       |       |     6 ||     6
       Ensorcelled Hiber |       |       |       |     3 ||     3
       Tukima's Dance    |       |       |       |     2 ||     2
Invok: Depart the Abyss  |     1 |       |       |       ||     1
       Corrupt           |       |       |       |     1 ||     1
Evoke: Wand              |       |       |       |    25 ||    25
  Use: Potion            |       |     3 |     4 |     6 ||    13
       Scroll            |       |    13 |     1 |     8 ||    22
 Stab: Sleeping          |     7 |     4 |    14 |    24 ||    49
       Distracted        |       |       |     1 |       ||     1
Armor: Leather armour    |    57 |    10 |    27 |    99 ||   193
       Skin              |       |    59 |       |       ||    59
       Ring mail         |       |    28 |    21 |       ||    49
Dodge: Dodged            |    94 |    88 |    66 |   145 ||   393
Block: Buckler           |       |       |    57 |    76 ||   133
       Reflection        |       |       |     2 |       ||     2

Table legend: (Time is in decaauts)
 A = Elapsed time spent in this place.
 B = Non-inter-level travel time spent in this place.
 C = Inter-level travel time spent in this place.
 D = Time resting spent in this place.
 E = Time spent auto-exploring this place.
 F = Levels seen in this place.
 G = Mean time per level.
                   A        B        C        D        E       F      G
               +--------+--------+--------+--------+--------+-----+--------+
         Total |  11911 |  11027 |    884 |    675 |   7825 |  19 |  626.9 |
       Dungeon |  10618 |   9758 |    860 |    661 |   6985 |  13 |  816.8 |
          Lair |    794 |    771 |     23 |      0 |    608 |   1 |  794.0 |
         Abyss |    235 |    235 |      0 |      0 |    126 |   4 |   58.8 |
       Ossuary |    263 |    263 |      0 |     14 |    106 |   1 |  263.0 |
               +--------+--------+--------+--------+--------+-----+--------+

Top non-repeatable levels by time:
     D:1: 1827 daAuts
     D:7: 1165 daAuts
     D:2: 945 daAuts
     D:4: 906 daAuts
     D:9: 867 daAuts
     D:5: 822 daAuts
    D:12: 813 daAuts
  Lair:1: 794 daAuts
     D:6: 731 daAuts
    D:10: 675 daAuts
     D:8: 640 daAuts
     D:3: 606 daAuts
    D:11: 543 daAuts
 Ossuary: 263 daAuts
 Abyss:1: 103 daAuts
